XFBL
MINNESOTA TWINS @ TORONTO BLUE JAYS
09/30/1982
 
TOP OF THE 1ST
Minnesota Twins batting - Pitching for Toronto Blue Jays : LHP Thomas Linnert
Pitching: LHP Thomas Linnert
Batting: RHB Lee Lacy 0-0: Called Strike
0-1: Foul Ball, location: 2F
0-2: Strikes out looking
Batting: RHB Tom Brown 0-0: Foul Ball, location: 2F
0-1: Ball
1-1: Ball
2-1: Ball
3-1: DOUBLE (Line Drive, 5D, EV 102.5 MPH)
Batting: RHB Steve Brye 0-0: Ball
1-0: Ball
2-0: Ball
3-0: Base on Balls
Batting: RHB Randy Edwards 0-0: Swinging Strike
0-1: Foul Ball, location: 2F
0-2: Ground out 6-3 (Groundball, P, EV 88.1 MPH)
Tom Brown to third
Steve Brye to second
Batting: RHB Larry Hisle 0-0: Called Strike
0-1: Foul Ball, location: 2F
0-2: Foul Ball, location: 2F
0-2: Ball
1-2: Strikes out swinging
Top of the 1st over - 0 runs, 1 hit, 0 errors, 2 left on base; Minnesota 0 - Toronto 0
BOTTOM OF THE 1ST
Toronto Blue Jays batting - Pitching for Minnesota Twins : LHP Mauricio Valdivia
Pitching: LHP Mauricio Valdivia
Batting: SHB Harold Reynolds 0-0: Ground out 1-3 (Groundball, 13S, EV 76.3 MPH)
Batting: RHB Jose Gonzalez 0-0: Ground out 6-3 (Groundball, 6, EV 83.1 MPH)
Batting: LHB Chad Daley 0-0: DOUBLE (Line Drive, 7LM, EV 105.0 MPH)
Batting: RHB Andres Galarraga 0-0: Ball
1-0: Called Strike
1-1: Swinging Strike
1-2: Ball
2-2: Fly out, F9 (Flyball, 9, EV 89.4 MPH)
Bottom of the 1st over - 0 runs, 1 hit, 0 errors, 1 left on base; Minnesota 0 - Toronto 0
TOP OF THE 2ND
Minnesota Twins batting - Pitching for Toronto Blue Jays : LHP Thomas Linnert
Batting: LHB Lloyd Moseby 0-0: Swinging Strike
0-1: Ball
1-1: Ball
2-1: Fly out, F8 (Line Drive, 8LD, EV 88.8 MPH)
Batting: RHB Chet Lemon 0-0: Ball
1-0: Ball
2-0: Ball
3-0: Called Strike
3-1: Swinging Strike
3-2: Base on Balls
Batting: RHB Aurelio Rodriguez 0-0: Swinging Strike
0-1: Fly out, F8 (Flyball, 78XD, EV 108.8 MPH)
Batting: LHB Ken Oberkfell 0-0: Fly out, F8 (Flyball, 89M, EV 85.0 MPH)
Top of the 2nd over - 0 runs, 0 hits, 0 errors, 1 left on base; Minnesota 0 - Toronto 0
BOTTOM OF THE 2ND
Toronto Blue Jays batting - Pitching for Minnesota Twins : LHP Mauricio Valdivia
Batting: RHB Juan Monasterio 0-0: Ball
1-0: Ball
2-0: Ball
3-0: Called Strike
3-1: Base on Balls
Batting: LHB Steve Stroughter 0-0: Called Strike
0-1: Ball
1-1: Grounds into double play, 6-4-3 (Groundball, 6, EV 87.5 MPH)
Batting: RHB Cal Ripken 0-0: Foul Ball, location: 2F
0-1: Called Strike
0-2: Ball
1-2: Ball
2-2: Fly out, F8 (Line Drive, 8RD, EV 88.1 MPH)
Bottom of the 2nd over - 0 runs, 0 hits, 0 errors, 0 left on base; Minnesota 0 - Toronto 0
TOP OF THE 3RD
Minnesota Twins batting - Pitching for Toronto Blue Jays : LHP Thomas Linnert
Batting: RHB Lee Lacy 0-0: SINGLE (Groundball, 34S, EV 71.9 MPH) (infield hit)
Batting: RHB Tom Brown 0-0: Called Strike
0-1: SINGLE (Line Drive, 3, EV 64.4 MPH) (infield hit)
Lee Lacy to second
Batting: RHB Steve Brye 0-0: Foul Ball, location: 2F
0-1: Ball
1-1: Foul Ball, location: 2F
1-2: Ball
2-2: Foul Ball, location: 2F
2-2: Reached via error on a dropped throw from 3B, E4 (Groundball, 56, EV 80.0 MPH)
Lee Lacy to third
Tom Brown to second
Batting: RHB Randy Edwards 0-0: Ground out 6-3 (Groundball, 6S, EV 63.8 MPH)
Lee Lacy scores
Tom Brown to third
Steve Brye to second
Batting: RHB Larry Hisle 0-0: Ball
1-0: Ball
2-0: Foul Ball, location: 2F
2-1: Foul Ball, location: 2F
2-2: Ball
3-2: Fly out, F7 (Flyball, 7LS, EV 81.9 MPH)
Batting: LHB Lloyd Moseby 0-0: Ball
1-0: Foul Ball, location: 2F
1-1: Ball
2-1: Foul Ball, location: 2F
2-2: Foul Ball, location: 2F
2-2: Foul Ball, location: 2F
2-2: Ball
3-2: DOUBLE (Flyball, 89D, EV 94.4 MPH)
Tom Brown scores
Steve Brye scores
Batting: RHB Chet Lemon 0-0: Foul Ball, location: 2F
0-1: Foul Ball, location: 2F
0-2: Ball
1-2: Ball
2-2: Strikes out swinging
Top of the 3rd over - 3 runs, 3 hits, 1 error, 1 left on base; Minnesota 3 - Toronto 0
BOTTOM OF THE 3RD
Toronto Blue Jays batting - Pitching for Minnesota Twins : LHP Mauricio Valdivia
Batting: LHB Carlos May 0-0: Foul Ball, location: 2F
0-1: Ball
1-1: Ball
2-1: Foul Ball, location: 2F
2-2: Ground out U3 (Groundball, 34S, EV 67.5 MPH)
Batting: RHB Jim G Wilson 0-0: Ball
1-0: Ball
2-0: Ground out 4-3 (Groundball, 34, EV 82.5 MPH)
Batting: SHB Harold Reynolds 0-0: Ground out 5-3 (Groundball, 5, EV 101.9 MPH)
Bottom of the 3rd over - 0 runs, 0 hits, 0 errors, 0 left on base; Minnesota 3 - Toronto 0
TOP OF THE 4TH
Minnesota Twins batting - Pitching for Toronto Blue Jays : LHP Thomas Linnert
Batting: RHB Aurelio Rodriguez 0-0: Ball
1-0: Ball
2-0: Called Strike
2-1: SINGLE (Groundball, 6MD, EV 103.1 MPH)
Batting: LHB Ken Oberkfell 0-0: Fly out, F8 (Line Drive, 8LM, EV 96.3 MPH)
Batting: RHB Lee Lacy 0-0: Fielders Choice at 2nd, 1-6 (Groundball, 34S, EV 61.9 MPH)
Batting: RHB Tom Brown 0-0: Called Strike
0-1: Foul Ball, location: 2F
0-2: Ball
Lee Lacy is caught stealing 2nd base 2-4
Top of the 4th over - 0 runs, 1 hit, 0 errors, 0 left on base; Minnesota 3 - Toronto 0
BOTTOM OF THE 4TH
Toronto Blue Jays batting - Pitching for Minnesota Twins : LHP Mauricio Valdivia
Batting: RHB Jose Gonzalez 0-0: Ball
1-0: Foul Ball, location: 2F
1-1: Ball
2-1: Ball
3-1: Ground out 4-3 (Groundball, 4D, EV 108.8 MPH)
Batting: LHB Chad Daley 0-0: Ball
1-0: Fly out, F8 (Flyball, 78D, EV 96.3 MPH)
Batting: RHB Andres Galarraga 0-0: Foul Ball, location: 2F
0-1: Fly out, F7 (Flyball, 78D, EV 91.9 MPH)
Bottom of the 4th over - 0 runs, 0 hits, 0 errors, 0 left on base; Minnesota 3 - Toronto 0
TOP OF THE 5TH
Minnesota Twins batting - Pitching for Toronto Blue Jays : LHP Thomas Linnert
Batting: RHB Tom Brown 0-0: Ball
1-0: DOUBLE (Line Drive, 9LM, EV 100.0 MPH)
Batting: RHB Steve Brye 0-0: Ball
1-0: Foul Ball, location: 2F
1-1: Foul Ball, location: 2F
1-2: Ball
2-2: Ball
3-2: Fly out, F4 (Popup, 4MD, EV 47.5 MPH)
Batting: RHB Randy Edwards 0-0: Ball
1-0: Ball
2-0: Called Strike
2-1: SINGLE (Line Drive, 4M, EV 96.9 MPH)
Tom Brown to third
Batting: RHB Larry Hisle 0-0: Ball
1-0: Called Strike
1-1: Ball
2-1: Foul Ball, location: 2F
2-2: Strikes out swinging
Batting: LHB Lloyd Moseby 0-0: Swinging Strike
0-1: Ball
1-1: Ball
2-1: Ball
3-1: Called Strike
3-2: Strikes out swinging
Top of the 5th over - 0 runs, 2 hits, 0 errors, 2 left on base; Minnesota 3 - Toronto 0
BOTTOM OF THE 5TH
Toronto Blue Jays batting - Pitching for Minnesota Twins : LHP Mauricio Valdivia
Batting: RHB Juan Monasterio 0-0: Called Strike
0-1: Reached on error, E3 (Groundball, 34S, EV 77.5 MPH)
Batting: LHB Steve Stroughter 0-0: Called Strike
0-1: Fly out, F8 (Flyball, 89M, EV 83.1 MPH)
Batting: RHB Cal Ripken 0-0: Ball
1-0: Foul Ball, location: 2F
1-1: Called Strike
1-2: Ball
2-2: Fielders Choice at 2nd, 4-6 (Groundball, 4MS, EV 88.1 MPH)
Batting: LHB Carlos May 0-0: Ball
1-0: Ball
2-0: Ball
3-0: Base on Balls
Cal Ripken to second
Batting: RHB Jim G Wilson 0-0: Swinging Strike
0-1: Ball
1-1: Foul Ball, location: 2F
1-2: Strikes out swinging
Bottom of the 5th over - 0 runs, 0 hits, 1 error, 2 left on base; Minnesota 3 - Toronto 0
TOP OF THE 6TH
Minnesota Twins batting - Pitching for Toronto Blue Jays : LHP Thomas Linnert
Batting: RHB Chet Lemon 0-0: Ball
1-0: Foul Ball, location: 2F
1-1: Swinging Strike
1-2: Ground out 4-3 (Groundball, 34, EV 103.1 MPH)
Batting: RHB Aurelio Rodriguez 0-0: Ball
1-0: Fly out, F8 (Flyball, 89D, EV 86.3 MPH)
Batting: LHB Ken Oberkfell 0-0: Ball
1-0: Called Strike
1-1: SINGLE (Groundball, 4MD, EV 105.0 MPH)
Pitching: LHP Dave Kamhi
Batting: RHB Lee Lacy 0-0: Ball
1-0: Fielders Choice at 2nd, 6-4 (Groundball, 6, EV 79.4 MPH)
Top of the 6th over - 0 runs, 1 hit, 0 errors, 1 left on base; Minnesota 3 - Toronto 0
BOTTOM OF THE 6TH
Toronto Blue Jays batting - Pitching for Minnesota Twins : LHP Mauricio Valdivia
Batting: SHB Harold Reynolds 0-0: Ball
1-0: Fly out, F6 (Popup, 6MS, EV 79.4 MPH)
Batting: RHB Jose Gonzalez 0-0: Ground out 4-3 (Groundball, 4MS, EV 69.4 MPH)
Batting: LHB Chad Daley 0-0: Called Strike
0-1: Ball
1-1: Fly out, F9 (Flyball, 89M, EV 88.8 MPH)
Bottom of the 6th over - 0 runs, 0 hits, 0 errors, 0 left on base; Minnesota 3 - Toronto 0
TOP OF THE 7TH
Minnesota Twins batting - Pitching for Toronto Blue Jays : LHP Dave Kamhi
Batting: RHB Tom Brown 0-0: Ball
1-0: Ground out 6-3 (Groundball, 56D, EV 101.9 MPH)
Batting: RHB Steve Brye 0-0: Foul Ball, location: 2F
0-1: SINGLE (Groundball, 4MD, EV 100.0 MPH)
Batting: RHB Randy Edwards 0-0: Foul Ball, location: 2F
0-1: Called Strike
0-2: Ball
1-2: Fly out, F7 (Flyball, 78D, EV 100.0 MPH)
Batting: RHB Larry Hisle 0-0: Ball
1-0: Ball
2-0: Ball
Passed Ball!
Steve Brye to second
3-0: Base on Balls
Batting: LHB Lloyd Moseby 0-0: Ball
1-0: Ball
2-0: Hit by Pitch
Steve Brye to third
Larry Hisle to second
Batting: RHB Chet Lemon 0-0: Called Strike
0-1: Foul Ball, location: 2F
0-2: Ball
1-2: SINGLE (Line Drive, 4D, EV 100.0 MPH)
Steve Brye scores
Larry Hisle to third
Lloyd Moseby to second
Runner from 3rd tries for Home, SAFE, throw by RF to home
Batting: RHB Aurelio Rodriguez 0-0: Swinging Strike
0-1: DOUBLE (Line Drive, 9LM, EV 112.5 MPH)
Lloyd Moseby scores
Chet Lemon to third
Runner from 3rd tries for Home, SAFE, no throw by RF
Pinch Hitting: RHB John Scott 0-0: Ball
1-0: Ball
2-0: Called Strike
2-1: Fly out, F8 (Flyball, 8RD, EV 95.6 MPH)
Top of the 7th over - 4 runs, 3 hits, 0 errors, 1 left on base; Minnesota 7 - Toronto 0
BOTTOM OF THE 7TH
Toronto Blue Jays batting - Pitching for Minnesota Twins : LHP Mauricio Valdivia
Now at SS: John Scott
Batting: RHB Andres Galarraga 0-0: Swinging Strike
0-1: Ball
1-1: Fly out, F9 (Flyball, 9LD, EV 90.0 MPH)
Pinch Hitting: RHB Fritzie Connally 0-0: Ground out 6-3 (Groundball, 4MS, EV 70.0 MPH)
Batting: LHB Steve Stroughter 0-0: Fly out, F7 (Flyball, 7LS, EV 85.6 MPH)
Bottom of the 7th over - 0 runs, 0 hits, 0 errors, 0 left on base; Minnesota 7 - Toronto 0
TOP OF THE 8TH
Minnesota Twins batting - Pitching for Toronto Blue Jays : LHP Dave Kamhi
Now at 3B: Fritzie Connally
Pinch Hitting: SHB Tony Bernazard 0-0: DOUBLE (Flyball, 7LD, EV 85.6 MPH)
Batting: RHB Tom Brown 0-0: Called Strike
0-1: Fly out, F9 (Flyball, 89S, EV 75.6 MPH)
Pinch Hitting: RHB Josh Lynn 0-0: Ground out U3 (Groundball, 34S, EV 86.3 MPH)
Tony Bernazard to third
Batting: RHB Randy Edwards 0-0: Foul Ball, location: 2F
0-1: Ball
1-1: Ball
2-1: Foul Ball, location: 2F
2-2: Strikes out looking
Top of the 8th over - 0 runs, 1 hit, 0 errors, 1 left on base; Minnesota 7 - Toronto 0
BOTTOM OF THE 8TH
Toronto Blue Jays batting - Pitching for Minnesota Twins : LHP Mauricio Valdivia
Now at 1B: Josh Lynn
Now at 2B: Tony Bernazard
Pinch Hitting: SHB Jeff Doyle 0-0: Ground out 5-3 (Groundball, 56, EV 88.8 MPH)
Batting: LHB Carlos May 0-0: Ball
1-0: Ball
2-0: Fly out, F8 (Flyball, 8LS, EV 97.5 MPH)
Batting: RHB Jim G Wilson 0-0: Ball
1-0: Ball
2-0: Swinging Strike
2-1: Swinging Strike
2-2: Strikes out swinging
Bottom of the 8th over - 0 runs, 0 hits, 0 errors, 0 left on base; Minnesota 7 - Toronto 0
TOP OF THE 9TH
Minnesota Twins batting - Pitching for Toronto Blue Jays : LHP Dave Kamhi
Now at SS: Jose Carrillo
Pinch Hitting: RHB Brook Jacoby 0-0: Ball
1-0: Ball
2-0: SINGLE (Line Drive, 9S, EV 91.3 MPH)
Pitching: RHP Armando Guzman
Batting: LHB Lloyd Moseby 0-0: Ball
1-0: Ball
2-0: Ball
3-0: Base on Balls
Brook Jacoby to second
Batting: RHB Chet Lemon 0-0: Ball
1-0: Foul Ball, location: 2F
1-1: Fielders Choice at 2nd, 4-6 (Groundball, 4D, EV 95.6 MPH)
Brook Jacoby to third
Batting: RHB Aurelio Rodriguez 0-0: Ball
1-0: Called Strike
Chet Lemon steals 2nd base (no throw)
1-1: Ball
2-1: Foul Ball, location: 2F
2-2: Ball
3-2: Foul Ball, location: 2F
3-2: Fly out, F7 (Flyball, 7, EV 75.6 MPH)
Runner from 3rd tags up, OUT at HOME! 7-2
Top of the 9th over - 0 runs, 1 hit, 0 errors, 1 left on base; Minnesota 7 - Toronto 0
BOTTOM OF THE 9TH
Toronto Blue Jays batting - Pitching for Minnesota Twins : LHP Mauricio Valdivia
Now in RF: Brook Jacoby
Batting: SHB Harold Reynolds 0-0: Called Strike
0-1: SINGLE (Groundball, 6MD, EV 105.6 MPH)
Batting: RHB Jose Gonzalez 0-0: Ball
1-0: Foul Ball, location: 2F
1-1: Ball
2-1: Ground out 4-3 (Groundball, 34, EV 99.4 MPH)
Harold Reynolds to second
Batting: LHB Chad Daley 0-0: Ball
1-0: Ball
2-0: Foul Ball, location: 2F
2-1: Foul Ball, location: 2F
2-2: Fly out, F2 (Popup, 23F, EV 85.0 MPH)
Pinch Hitting: LHB Brad Gulden 0-0: Ball
1-0: Foul Ball, location: 2F
1-1: Foul Ball, location: 2F
1-2: Ball
2-2: Strikes out swinging
Bottom of the 9th over - 0 runs, 1 hit, 0 errors, 1 left on base; Minnesota 7 - Toronto 0
Thursday, September 3rd, 2020 - OOTP Baseball 21.5 Build 76